 Dungeon Crawl Stone Soup version 0.19-a0-1079-g88a7474 (webtiles) character file.

94369 4thArraOfDagon the Brawler (level 15, -4/156 (159) HPs)
             Began as a Troll Berserker on Aug 6, 2016.
             Was an Initiate of Ashenzari.
             Slain by a polar bear (12 damage)
             ... created by the rage of Trog
             ... on level 5 of the Lair of Beasts.
             The game lasted 01:03:14 (9571 turns).

4thArraOfDagon the Brawler (Troll Berserker)        Turns: 9571, Time: 01:03:16

HP:   -4/156 (159)  AC: 12    Str: 32    XL:     15   Next: 63%
MP:   22/22         EV: 15    Int:  7    God:    Ashenzari [......]
Gold: 401           SH:  0    Dex: 20    Spells: 7 memorised, 4 levels left

rFire  + . .     SeeInvis .       - Unarmed
rCold  x . .     Gourm    +     B - +3 troll leather armour
rNeg   + . .     Faith    .     (no shield)
rPois  +         Spirit   .     F - +1 hat
rElec  .         Dismiss  .     (no cloak)
rCorr  .         Reflect  .     (gloves unavailable)
SustAt .         Harm     .     (boots unavailable)
MR     ++++.     Clarity  +     S - amulet of the Four Winds {rN+ MR+++ Clar}
Stlth  ++........               w - ring of the Cockroach {Fire *Confuse +Blink Int-5 Dex+9}
                                H - ring "Gextowi" {rPois Int+3 Slay+5} (curse)

@: exhausted, hasted and slowed
A: unfitting armour, claws 3, talons 1, repulsion field 1, agile 1, blurry
vision 2, clever 1, fast metabolism 3, gourmand, high mp 1, regeneration 2,
screaming 1, shaggy fur 2, strong 1, tough skin 2
a: Curse Item, Renounce Religion, Evoke Blink


You were on level 5 of the Lair of Beasts.
You worshipped Ashenzari.
Ashenzari was noncommittal.
You were very full.

You visited 4 branches of the dungeon, and saw 25 of its levels.

You collected 2266 gold pieces.
You spent 1865 gold pieces at shops.

Inventory:

Missiles
 y - 17 large rocks (quivered)
Armour
 f - the +2 robe of Fionaus {+Fly Dex+3}
   (You took it off a deep elf master archer on level 3 of the Elven Halls)

   It affects your dexterity (+3).
   It lets you fly.
 B - a +3 troll leather armour (worn)
 F - a +1 hat (worn)
Jewellery
 j - a cursed ring of stealth
 w - the ring of the Cockroach (right claw) {Fire *Confuse +Blink Int-5 Dex+9}
   (You found it on level 9 of the Dungeon)

   [ring of fire]

   It enhances your fire magic.
   It affects your intelligence (-5).
   It affects your dexterity (+9).
   It protects you from fire.
   It makes you vulnerable to cold.
   It lets you blink.
   It may confuse you when you take damage.
 H - the cursed ring "Gextowi" (left claw) {rPois Int+3 Slay+5}
   (You took it off a deep elf demonologist on level 3 of the Elven Halls)

   [ring of poison resistance]

   It affects your intelligence (+3).
   It affects your accuracy and damage with ranged weapons and melee attacks
   (+5).
   It protects you from poison.
   It has a curse placed upon it.
 K - the ring "Uboeruf" {+Fly rN++ MR+ AC+3 Stlth+}
   (You took it off a deep elf death mage on level 3 of the Elven Halls)

   [ring of protection]

   It affects your AC (+3).
   It greatly protects you from negative energy.
   It affects your resistance to hostile enchantments.
   It lets you fly.
   It makes you more stealthy.
 L - the ring "Fityilin" {rPois rF+}
   (You took it off a deep elf demonologist on level 3 of the Elven Halls)

   [ring of protection from fire]

   It protects you from fire.
   It protects you from poison.
 P - an uncursed ring of protection from fire
 Q - an uncursed ring of fire
 S - the amulet of the Four Winds (around neck) {rN+ MR+++ Clar}
   (You took it off a deep elf demonologist on level 3 of the Elven Halls)

   [amulet of nothing]

   It protects you from negative energy.
   It affects your resistance to hostile enchantments.
   It protects you against confusion.
Wands
 e - a wand of hasting (0/9)
 q - a wand of digging (16/24)
 N - a wand of acid (6/15)
Scrolls
 c - a scroll of amnesia
 g - a scroll of fog
 i - a scroll of immolation
 p - 5 scrolls of teleportation
 r - 3 scrolls of noise
 A - a scroll of silence
 E - 3 scrolls of fear
 I - 2 scrolls of remove curse
 J - 2 scrolls of enchant armour
Potions
 d - 3 potions of ambrosia
 k - a potion of lignification
 n - a potion of berserk rage
 o - 4 potions of heal wounds
 s - 2 potions of might
 t - 2 potions of flight
 v - a potion of agility
 z - 7 potions of curing
 C - 2 potions of brilliance
 D - 2 potions of cancellation
 O - 3 potions of cure mutation
Books
 M - Puebauni's Disquisition on Shape Shifting
   (You bought it in a shop on level 9 of the Dungeon)

   Spells                             Type                      Level
   a - Beastly Appendage              Transmutation                1
   b - Passwall                       Transmutation/Earth          2
   c - Sticks to Snakes               Transmutation                2
   d - Ice Form                       Ice/Transmutation            4
   e - Petrify                        Transmutation/Earth          4
   f - Statue Form                    Transmutation/Earth          6
   g - Dragon Form                    Transmutation                7
 R - a book of the Dragon

   Spells                             Type                      Level
   a - Flame Tongue                   Conjuration/Fire             1
   b - Cause Fear                     Hexes                        4
   c - Bolt of Fire                   Conjuration/Fire             6
   d - Dragon Form                    Transmutation                7
   e - Dragon's Call                  Summoning                    9
 T - an Akashic Record

   Spells                             Type                      Level
   a - Dispersal                      Translocation                6
   b - Malign Gateway                 Summoning/Translocation      7
   c - Disjunction                    Translocation                8
   d - Controlled Blink               Translocation                8
 V - the Handbook of Companions and Aid
   (You found it on level 3 of the Elven Halls)

   Spells                             Type                      Level
   a - Summon Small Mammal            Summoning                    1
   b - Song of Slaying                Charms                       2
   c - Swiftness                      Charms/Air                   2
   d - Regeneration                   Charms/Necromancy            3
   e - Ozocubu's Armour               Charms/Ice                   3
   f - Summon Ice Beast               Ice/Summoning                4
   g - Summon Demon                   Summoning                    5
 W - a book of Cantrips

   Spells                             Type                      Level
   a - Confusing Touch                Hexes                        1
   b - Animate Skeleton               Necromancy                   1
   c - Summon Small Mammal            Summoning                    1
   d - Apportation                    Translocation                1
 X - a book of Maledictions

   Spells                             Type                      Level
   a - Corona                         Hexes                        1
   b - Ensorcelled Hibernation        Hexes/Ice                    2
   c - Confuse                        Hexes                        3
   d - Tukima's Dance                 Hexes                        3
   e - Dazzling Spray                 Conjuration/Hexes            3
 Y - the Volume of Fiery Augmentations
   (You found it on level 3 of the Elven Halls)

   Spells                             Type                      Level
   a - Swiftness                      Charms/Air                   2
   b - Throw Flame                    Conjuration/Fire             2
   c - Warp Weapon                    Charms/Translocation         5
   d - Excruciating Wounds            Charms/Necromancy            5
   e - Iskenderun's Battlesphere      Conjuration/Charms           5
Miscellaneous
 a - a lamp of fire
 h - a sack of spiders
 U - 3 phantom mirrors
 Z - a phial of floods
Comestibles
 b - 7 bread rations
 l - a slice of pizza
 m - 6 meat rations
 x - 9 royal jellies
 G - a beef jerky


   Skills:
 - Level 13.0 Fighting
 - Level 5.0 Dodging
 - Level 20.3 Unarmed Combat
 + Level 4.0 Spellcasting
 * Level 1.5 Translocations
 * Level 2.2 Transmutations
 * Level 2.3 Earth Magic


You had 4 spell levels left.
You knew the following spells:

 Your Spells              Type           Power        Failure   Level  Hunger
a - Apportation           Tloc           #.........   21%         1    ##.....
b - Blink                 Tloc           N/A          28%         2    ###....
c - Repel Missiles        Chrm/Air       #.....       54%         2    ###....
d - Regeneration          Chrm/Necr      #.........   89%         3    ####...
e - Swiftness             Chrm/Air       #.......     54%         2    ###....
f - Statue Form           Tmut/Erth      #........    100%        6    #######
g - Passwall              Tmut/Erth      #.........   24%         2    ###....


Dungeon Overview and Level Annotations

Branches:
Dungeon (15/15)              Lair (5/6) D:11         Shoals (0/4) Lair:3
  Slime (0/5) Lair:5          Orc (2/2) D:10            Elf (3/3) Orc:2
 Temple: D:4-7        Snake: Lair:2-4    Spider: Lair:2-4    Vaults: D:13-14
 Depths: D:15

Altars:
Ashenzari
Fedhas
Okawaru
Vehumet
Zin
The Shining One
Beogh
Jiyva

Shops:
D:5 !   D:8 !   D:9 *[   Orc:2 =*}[

Annotations:
D:10 Sonja


Innate Abilities, Weirdness & Mutations

You are too large for most types of armour.
You have claws for hands.
Your metabolism is lightning-fast.
You like to eat raw meat.
You heal very quickly.
You are covered in thick fur. (AC +2)
You have very tough skin. (AC +2)
You have sharp toenails.
You are surrounded by a mild repulsion field. (EV +2)
You are agile. (Dex +2)
Scrolls take you longer to read.
Your mind is acute. (Int +2)
You have an increased reservoir of magic. (+10% MP)
You occasionally shout uncontrollably at your foes.
Your muscles are strong. (Str +2)


Message History

Unknown command.
The troll bites you but does no damage. The troll claws you.
The troll misses you.
You hear two shouts!
The troll bites you!!
* * * LOW HITPOINT WARNING * * *
The troll barely misses you. The troll closely misses you.
Found 12 gold pieces and a fruit.
Unknown command.
Unknown command.
You feel yourself speed up.
The ogre rages.
The troll bites you!!
* * * LOW HITPOINT WARNING * * *
The troll claws you!
* * * LOW HITPOINT WARNING * * *
The troll claws you but does no damage.
You hear two shouts!
The polar bear bites you!
You die...

#....P# ###.#######...#
......###PP......#...##
..........PP.........†##P#
......................†......
.................†r..........
.......###..####...####P....#
≈≈≈....# #### #OO## ###.##
≈≈≈≈...# ##TO# .# ≈≈≈≈≈...#
#@h## # ≈≈≈≈≈≈.#.# #.....#
≈≈≈≈≈≈..#.P.......#
.≈≈≈≈≈............. .≈≈≈≈≈..
..........$ ≈≈≈≈≈≈.
............ .≈≈≈≈.
...........%. .≈≈...
#........P.... ......


You could see a polar bear (berserk), a troll (berserk), a two-headed ogre
(berserk), an ogre (berserk) and a river rat.

Vanquished Creatures
  Rupert (Orc:2)
  2 deep elf blademasters (Elf:3)
  2 deep elf master archers (Elf:3)
  6 deep elf sorcerers (Elf:3)
  3 deep elf elementalists (Elf:3)
  7 deep elf demonologists (Elf:3)
  The ghost of murphy the Eclecticist, a journeyman HEWz of Vehumet (D:14)
  9 deep elf annihilators (Elf:3)
  Snorg (D:14)
  6 deep elf death magi (Elf:3)
  Josephine (D:14)
  2 deep elf high priests (Elf:3)
  A hydra (Lair:5)
  An ogre mage (D:15)
  A centaur warrior (D:14)
  A tengu warrior (D:15)
  3 dancing weapons
  Urug (D:15)
  4 deep elf knights
  2 small abominations (Elf:3)
  2 unseen horrors (D:15)
  4 deep elf archers (Elf:3)
  Pikel (D:7)
  A hill giant (D:11)
  10 orc knights
  A griffon (D:14)
  9 deep elf magi
  3 manticores
  4 ugly things (D:15)
  2 centaur zombies
  A cyclops (D:15)
  Maurice (D:9)
  A black mamba (Lair:3)
  A gargoyle (D:15)
  2 spiny frogs (Lair:2)
  A rime drake (Lair:3)
  A komodo dragon (Lair:3)
  A tengu conjurer (D:15)
  A queen bee (D:9)
  A harpy zombie (D:15)
  7 trolls
  3 meliai (D:14)
  A meliai (shapeshifter) (Elf:3)
  5 two-headed ogres
  3 jumping spiders (Lair:4)
  3 blink frogs (Lair:1)
  2 boulder beetles (Lair:4)
  5 redbacks (Lair:4)
  A centaur simulacrum (D:15)
  Sigmund (D:5)
  3 wraiths (D:14)
  7 yaks
  An air elemental (Elf:2)
  A wyvern (D:8)
  A shadow (D:14)
  A basilisk (Lair:2)
  2 hippogriffs
  A fire elemental (Elf:1)
  A hungry ghost (D:10)
  8 wargs
  Duvessa (D:6)
  3 water moccasins
  5 porcupines
  A slave (D:7)
  3 ice beasts
  37 orc warriors
  4 sky beasts
  A black bear (D:9)
  3 phantoms
  13 ogres
  A necrophage (D:5)
  4 wolves
  8 centaurs
  6 crocodiles
  6 big kobolds (D:10)
  5 giant frogs
  A gnoll sergeant (D:10)
  Dowan (D:6)
  3 earth elementals
  2 scorpions
  18 killer bees (D:9)
  3 wights (D:11)
  4 howler monkeys
  6 electric eels
  5 crimson imps
  A giant frog zombie (D:10)
  19 orc priests
  5 jellies
  4 centaur skeletons
  8 hounds
  6 iguanas
  14 orc wizards
  8 worker ants
  4 sheep (D:15)
  A hound zombie (D:7)
  2 gnolls (D:10)
  A howler monkey skeleton (D:7)
  7 adders
  56 river rats
  2 shadow imps
  A giant gecko (D:7)
  58 orcs
  A giant cockroach (D:4)
  2 goblins
  2 hobgoblins
  7 jackals
  2 kobolds
  A quokka (D:6)
  A bat (D:2)
  2 giant newts
  A jackal zombie (D:7)
  4 rats
  A crawling corpse (Elf:3)
  A fungus (Lair:4)
526 creatures vanquished.

Vanquished Creatures (collateral kills)
  A deep elf sorcerer (Elf:3)
  A deep elf annihilator (Elf:3)
2 creatures vanquished.

Grand Total: 528 creatures vanquished

Notes
Turn   | Place    | Note
-------+----------+-------------------------------------------
     0 | D:1      | 4thArraOfDagon the Troll Berserker began the quest for the Orb.
     0 | D:1      | Reached XP level 1. HP: 22/22 MP: 0/0
   169 | D:2      | Reached XP level 2. HP: 27/29 MP: 1/1
   359 | D:5      | Entered Level 5 of the Dungeon
   359 | D:5      | Noticed a sky beast
   362 | D:5      | Killed a sky beast
   362 | D:5      | Reached skill level 4 in Unarmed Combat
   362 | D:5      | Reached XP level 3. HP: 37/37 MP: 2/2
   362 | D:5      | Reached XP level 4. HP: 45/45 MP: 3/3
   380 | D:5      | Gained mutation: You are frail. (-10% HP) [mutagenic meat]
   383 | D:5      | Gained mutation: You are covered in thick fur. (AC +2) [mutagenic meat]
   386 | D:5      | Gained mutation: You are surrounded by a mild repulsion field. (EV +2) [mutagenic meat]
   389 | D:5      | Gained mutation: Your magical capacity is low. (-10% MP) [mutagenic meat]
   423 | D:4      | Reached ** piety under Trog
   423 | D:4      | Reached skill level 5 in Unarmed Combat
   447 | D:5      | Found Ammefroiq's Distillery.
   450 | D:5      | Bought a potion of degeneration for 13 gold pieces
   485 | D:5      | Noticed a necrophage
   501 | D:5      | Noticed Sigmund
   506 | D:5      | Reached XP level 5. HP: 20/45 MP: 3/3
   507 | D:5      | Killed a necrophage
   513 | D:5      | Killed Sigmund
   513 | D:5      | Reached skill level 6 in Unarmed Combat
   513 | D:5      | Reached XP level 6. HP: 10/53 MP: 4/4
   616 | D:6      | Reached XP level 7. HP: 59/61 MP: 5/5
   703 | D:7      | Reached skill level 7 in Unarmed Combat
   813 | D:6      | Noticed Duvessa
   813 | D:6      | Noticed Dowan
   818 | D:6      | Killed Duvessa
   824 | D:6      | Killed Dowan
   824 | D:6      | Reached skill level 8 in Unarmed Combat
   847 | D:6      | Found a glowing golden altar of the Shining One.
   858 | D:7      | Found an iron altar of Okawaru.
   930 | D:8      | Found Ydan's Distillery.
   970 | D:7      | Noticed Pikel
   975 | D:7      | Killed Pikel
   975 | D:7      | Reached skill level 5 in Fighting
   975 | D:7      | Reached skill level 9 in Unarmed Combat
   975 | D:7      | Reached XP level 8. HP: 70/70 MP: 6/6
  1080 | D:8      | Reached skill level 10 in Unarmed Combat
  1134 | D:8      | Reached *** piety under Trog
  1134 | D:8      | Reached XP level 9. HP: 75/78 MP: 7/7
  1306 | D:6      | Gained mutation: Armour fits poorly on your strangely shaped body. [mutagenic meat]
  1309 | D:6      | Gained mutation: Scrolls take you a little longer to read. [mutagenic meat]
  1315 | D:6      | Gained mutation: You are agile. (Dex +2) [mutagenic meat]
  1491 | D:8      | Found a shattered altar of Ashenzari.
  1496 | D:8      | Found a radiant altar of Vehumet.
  1538 | D:8      | Found a glowing silver altar of Zin.
  1575 | D:8      | Bought a potion of resistance for 110 gold pieces
  1575 | D:8      | Bought a potion of heal wounds for 55 gold pieces
  1630 | D:9      | Reached skill level 11 in Unarmed Combat
  1663 | D:9      | Got a vibrating golden ring
  1664 | D:9      | Lost intelligence.
  1664 | D:9      | Identified the ring of the Cockroach {Fire *Confuse +Blink Int-5 Dex+9} (You found it on level 9 of the Dungeon)
  1678 | D:9      | Found Nopyv's Antique Armour Shop.
  1710 | D:9      | Noticed Maurice
  1762 | D:9      | Killed Maurice
  1800 | D:9      | Lost mutation: You are frail. (-10% HP) [mutagenic meat]
  1803 | D:9      | Gained mutation: You are very agile. (Dex +4) [mutagenic meat]
  1806 | D:9      | Gained mutation: You have a pair of small horns on your head. [mutagenic meat]
  1809 | D:9      | Gained mutation: You occasionally shout uncontrollably at your foes. [mutagenic meat]
  1815 | D:9      | Gained mutation: Scrolls take you longer to read. [mutagenic meat]
  1847 | D:9      | Found Zorodobu's Changing Room.
  1857 | D:9      | Reached skill level 12 in Unarmed Combat
  1857 | D:9      | Reached XP level 10. HP: 100/102 MP: 8/8
  2024 | D:9      | Reached **** piety under Trog
  2085 | D:9      | Received a gift from Trog
  2143 | D:10     | Entered Level 10 of the Dungeon
  2147 | D:10     | Noticed Sonja
  2303 | D:11     | Noticed a hill giant
  2337 | D:10     | Found a staircase to the Orcish Mines.
  2343 | D:10     | Reached skill level 13 in Unarmed Combat
  2484 | Orc:1    | Entered Level 1 of the Orcish Mines
  2532 | Orc:2    | Entered Level 2 of the Orcish Mines
  2661 | Orc:1    | Reached XP level 11. HP: 85/113 MP: 8/8
  2800 | Orc:2    | Noticed Rupert
  2809 | Orc:2    | Killed Rupert
  2809 | Orc:2    | Reached skill level 14 in Unarmed Combat
  2875 | Orc:2    | Found a staircase to the Elven Halls.
  3053 | Orc:2    | Noticed an orc knight
  3098 | Orc:2    | Killed an orc knight
  3158 | Orc:2    | Noticed an orc knight
  3168 | Orc:2    | Noticed an orc knight
  3185 | Orc:2    | Killed an orc knight
  3191 | Orc:2    | Killed an orc knight
  3198 | Orc:2    | Reached skill level 15 in Unarmed Combat
  3238 | Orc:2    | Reached ***** piety under Trog
  3243 | Orc:2    | Noticed an orc knight
  3255 | Orc:2    | Killed an orc knight
  3411 | Orc:2    | Noticed an orc knight
  3425 | Orc:2    | Killed an orc knight
  3502 | Orc:2    | Noticed an orc knight
  3520 | Orc:2    | Killed an orc knight
  3551 | Orc:2    | Reached XP level 12. HP: 126/126 MP: 9/9
  3566 | Orc:2    | Found Yssohoy's Antique Armour Shop.
  3566 | Orc:2    | Found Gusen's Gadget Emporium.
  3590 | Orc:2    | Found a roughly hewn altar of Beogh.
  3615 | Orc:2    | Received a gift from Trog
  3696 | Orc:2    | Reached skill level 10 in Fighting
  3818 | Orc:2    | Found Caugguvyss's General Store.
  3818 | Orc:2    | Found Godic's Jewellery Emporium.
  3832 | Orc:2    | Bought an uncursed ring of poison resistance for 280 gold pieces
  3832 | Orc:2    | MEH!
  3841 | Orc:2    | Bought a scroll of teleportation for 42 gold pieces
  3841 | Orc:2    | Bought a scroll of enchant armour for 105 gold pieces
  3909 | Orc:2    | Reached skill level 16 in Unarmed Combat
  3917 | Orc:2    | Received a gift from Trog
  3947 | Elf:1    | Entered Level 1 of the Elven Halls
  4070 | Elf:2    | HP: 6/189 [halberd of chopping (15)]
  4144 | Elf:3    | Entered Level 3 of the Elven Halls
  4144 | Elf:3    | Noticed a deep elf sorcerer
  4153 | Elf:3    | Killed a deep elf sorcerer
  4191 | Elf:3    | ok...
  4413 | Elf:3    | Reached skill level 17 in Unarmed Combat
  4538 | Elf:3    | Reached XP level 13. HP: 89/136 MP: 10/10
  4768 | Elf:3    | Noticed a deep elf annihilator
  4781 | Elf:3    | Killed a deep elf annihilator
  5005 | Elf:3    | Noticed a deep elf annihilator
  5036 | Elf:3    | Killed a deep elf annihilator
  5117 | Elf:3    | Noticed a deep elf annihilator
  5117 | Elf:3    | Noticed a deep elf demonologist
  5118 | Elf:3    | Noticed a deep elf sorcerer
  5140 | Elf:3    | Killed a deep elf demonologist
  5148 | Elf:3    | Killed a deep elf annihilator
  5181 | Elf:3    | Noticed a deep elf blademaster
  5197 | Elf:3    | Killed a deep elf blademaster
  5201 | Elf:3    | Noticed a deep elf demonologist
  5205 | Elf:3    | Killed a deep elf demonologist
  5205 | Elf:3    | Reached skill level 18 in Unarmed Combat
  5210 | Elf:3    | Noticed a deep elf annihilator
  5215 | Elf:3    | Killed a deep elf annihilator
  5221 | Elf:3    | Noticed a deep elf sorcerer
  5222 | Elf:3    | Killed a deep elf sorcerer
  5259 | Elf:3    | Noticed a deep elf sorcerer
  5265 | Elf:3    | Killed a deep elf sorcerer
  5290 | Elf:3    | need cash
  5310 | Elf:3    | Noticed a deep elf demonologist
  5330 | Elf:3    | Killed a deep elf demonologist
  5338 | Elf:3    | Noticed a deep elf death mage
  5344 | Elf:3    | Killed a deep elf death mage
  5349 | Elf:3    | Killed a ghostly deep elf death mage
  5350 | Elf:3    | Noticed a deep elf annihilator
  5369 | Elf:3    | Killed a deep elf annihilator
  5372 | Elf:3    | Noticed a deep elf death mage
  5380 | Elf:3    | Killed a deep elf death mage
  5419 | Elf:3    | Noticed a deep elf master archer
  5428 | Elf:3    | Killed a deep elf master archer
  5431 | Elf:3    | Got an opalescent robe
  5469 | Elf:3    | Noticed a deep elf sorcerer
  5479 | Elf:3    | Noticed a deep elf demonologist
  5481 | Elf:3    | Killed a deep elf demonologist
  5488 | Elf:3    | Killed a deep elf sorcerer
  5488 | Elf:3    | Reached XP level 14. HP: 104/149 MP: 11/11
  5491 | Elf:3    | Got a bound amber ring
  5492 | Elf:3    | Identified the ring "Gextowi" {rPois Int+3 Slay+5} (You took it off a deep elf demonologist on level 3 of the Elven Halls)
  5493 | Elf:3    | got some cash
  5509 | Elf:3    | Got a shimmering bronze ring
  5518 | Elf:3    | Noticed a deep elf sorcerer
  5546 | Elf:3    | Killed a deep elf sorcerer
  5546 | Elf:3    | Reached skill level 19 in Unarmed Combat
  5581 | Elf:3    | Noticed an Executioner
  5626 | Elf:3    | Noticed a deep elf elementalist
  5635 | Elf:3    | Killed a deep elf elementalist
  5639 | Elf:3    | Noticed a Tzitzimitl
  5668 | Elf:3    | Got an ancient ivory ring
  5669 | Elf:3    | Identified the ring "Fityilin" {rPois rF+} (You took it off a deep elf demonologist on level 3 of the Elven Halls)
  5698 | Elf:3    | Identified the +2 robe of Fionaus {+Fly Dex+3} (You took it off a deep elf master archer on level 3 of the Elven Halls)
  5723 | Elf:3    | Identified the ring "Uboeruf" {+Fly rN++ MR+ AC+3 Stlth+} (You took it off a deep elf death mage on level 3 of the Elven Halls)
  5725 | Elf:3    | Noticed a deep elf elementalist
  5729 | Elf:3    | Noticed a deep elf blademaster
  5740 | Elf:3    | Killed a deep elf blademaster
  5747 | Elf:3    | Killed a deep elf elementalist
  5751 | Elf:3    | Killed a deep elf sorcerer
  5820 | Elf:3    | Noticed a deep elf master archer
  5821 | Elf:3    | Noticed a deep elf sorcerer
  5849 | Elf:3    | Killed a deep elf master archer
  5949 | Elf:3    | Noticed a deep elf elementalist
  5955 | Elf:3    | Killed a deep elf elementalist
  5958 | Elf:3    | Killed a deep elf sorcerer
  6033 | Elf:3    | Reached skill level 20 in Unarmed Combat
  6155 | Elf:3    | Identified the Handbook of Companions and Aid
  6165 | Elf:3    | Identified the Volume of Fiery Augmentations
  6241 | Elf:3    | ok
  6594 | D:9      | Bought a potion of mutation for 30 gold pieces
  6594 | D:9      | Bought a potion of lignification for 36 gold pieces
  6594 | D:9      | Bought Puebauni's Disquisition on Shape Shifting for 548 gold pieces
  6594 | D:9      | Bought a potion of mutation for 30 gold pieces
  6594 | D:9      | Bought a potion of mutation for 30 gold pieces
  6594 | D:9      | Bought a potion of cure mutation for 300 gold pieces
  6597 | D:9      | Lost mutation: Your magical capacity is low. (-10% MP) [potion of mutation]
  6597 | D:9      | Lost mutation: You have a pair of small horns on your head. [potion of mutation]
  6597 | D:9      | Lost mutation: You are very agile. (Dex +4) [potion of mutation]
  6598 | D:9      | Gained mutation: You have an increased reservoir of magic. (+10% MP) [potion of mutation]
  6599 | D:9      | Gained mutation: You have sharp toenails. [potion of mutation]
  6600 | D:9      | Gained mutation: Your muscles are strong. (Str +2) [potion of mutation]
  6600 | D:9      | Lost mutation: Armour fits poorly on your strangely shaped body. [potion of mutation]
  6601 | D:9      | Gained mutation: Your mind is acute. (Int +2) [potion of mutation]
  6602 | D:9      | ok
  6700 | D:11     | Found a staircase to the Lair.
  6983 | D:14     | Noticed Snorg
  6999 | D:14     | Noticed murphy's ghost (journeyman HEWz)
  6999 | D:14     | Killed Snorg
  7008 | D:14     | Reached skill level 1 in Spellcasting
  7008 | D:14     | Reached XP level 15. HP: 128/159 MP: 15/17
  7010 | D:14     | Killed murphy's ghost
  7436 | D:14     | fail
  7438 | D:14     | Leszczynek: wow
  7460 | D:14     | Noticed Josephine
  7468 | D:14     | 4thArraOfDagon: fai
  7495 | D:14     | Killed Josephine
  7671 | D:15     | Entered Level 15 of the Dungeon
  7832 | D:15     | Reached * piety under Trog
  7953 | D:15     | Found a blossoming altar of Fedhas.
  7984 | D:15     | Noticed Urug
  7994 | D:15     | Killed Urug
  7995 | D:15     | Reached skill level 5 in Dodging
  8264 | D:11     | 4thArraOfDagon: ok i think i can survive this
  8373 | D:8      | Bought 2 potions of curing for 66 gold pieces
  8373 | D:8      | Bought a potion of brilliance for 44 gold pieces
  8373 | D:8      | Bought a potion of haste for 110 gold pieces
  8373 | D:8      | Bought a potion of curing for 33 gold pieces
  8373 | D:8      | Bought a potion of curing for 33 gold pieces
  8460 | D:8      | Fell from the grace of Trog
  8460 | D:8      | Became a worshipper of Ashenzari the Shackled
  8494 | D:8      | Learned a level 1 spell: Apportation
  8497 | D:8      | Learned a level 2 spell: Blink
  8500 | D:8      | Learned a level 2 spell: Repel Missiles
  8505 | D:8      | Learned a level 3 spell: Regeneration
  8508 | D:8      | Learned a level 2 spell: Swiftness
  8515 | D:8      | Learned a level 6 spell: Statue Form
  8597 | D:11     | lets go
  8598 | Lair:1   | Entered Level 1 of the Lair of Beasts
  8753 | Lair:2   | Reached skill level 1 in Transmutations
  8765 | Lair:2   | Reached skill level 1 in Earth Magic
  8997 | Lair:3   | Reached skill level 1 in Translocations
  9058 | Lair:3   | Learned a level 2 spell: Passwall
  9064 | Lair:3   | Found a staircase to the Shoals.
  9089 | Lair:3   | #1
  9096 | Lair:3   | Paralysed by Trog for 7 turns
  9106 | Lair:3   | #2
  9365 | Lair:5   | Found a staircase to the Slime Pits.
  9365 | Lair:5   | Found a viscous altar of Jiyva.
  9571 | Lair:5   | Slain by a polar bear

Vault maps used:
D:1:      dpeg_cavernosity
D:3:      gammafunk_temple_overflow_statue, first_bread
D:4:      uniq_robin
D:5:      serial_shops, nicolae_shop_behind_doors, minmay_misc_feat_square,
          nicolae_sextant, uniq_sigmund
D:6:      tso_altar, nicolae_ossuary_entry_ruins, uniq_duvessa
D:7:      basic_altar, uniq_pikel, uniq_joseph
D:8:      minmay_overflow_temple_star_quad, serial_shops, nicolae_shop_crystal,
          basic_altar
D:9:      serial_shops, nicolae_shop_overgrown_old_shop, david_nohive_1,
          nicolae_transmutations_shop, uniq_maurice
D:10:     kennysheep_orc_monster_closet_entryway, uniq_sonja
D:11:     erik_lair_island, grunt_pakellas_mercury
D:13:     roderic_hopi_sauvastika
D:14:     lightli_vaults_fourway_checkpoint, lab_entry_generic,
          corexii_hall_statues_deadend, uniq_josephine, uniq_snorg
D:15:     gammafunk_enter_depths_forms, fedhas_altar_3, serial_shops,
          nicolae_shop_behind_doors, st_stairs_5, minmay_orc_keep, uniq_urug
Lair:1:   serial_bayou_shore_b, grunt_megastairs_1, lemuel_fruit_fields
Lair:2:   infiniplex_staircase_pool_2, grunt_megastairs_2, serial_bayou_shore_a,
          serial_bayou_shore_b
Lair:3:   shoals_dummy_entry
Lair:4:   nicolae_spider_entry_tight_spaces
Lair:5:   slime_altar_1, grunt_forest_stairs_clearing, serial_bayou_shore_b,
          infiniplex_staircase_pool, serial_bayou_shore_b, lemuel_fruit_fields
Orc:1:    trog_book
Orc:2:    st_orc_town, uniq_rupert
Elf:1:    minmay_elf_crystal_square, serial_shops, nicolae_shop_window_shopping,
          minivault_28, uniq_aizul
Elf:3:    grunt_elf_hall_asides, minivault_4

Skill      XL: |  1  2  3  4  5  6  7  8  9 10 11 12 13 14 15 |
---------------+----------------------------------------------+-----
Fighting       | 3 4 5 7 8 9 10 12 13 | 13.0
Unarmed Combat | 4 5 6 9 10 12 13 15 17 18 20 | 20.3
Spellcasting   | 1 4 |  4.0
Dodging        | 5 |  5.0
Transmutations | 2 |  2.2
Earth Magic    | 2 |  2.3
Translocations | 1 |  1.5

Action                   |  1- 3 |  4- 6 |  7- 9 | 10-12 | 13-15 || total
-------------------------+-------+-------+-------+-------+-------++-------
Melee: Unarmed           |    36 |    32 |   202 |   468 |   616 ||  1354
       Punch             |       |     2 |     8 |    40 |    58 ||   108
       Headbutt          |       |       |     2 |   105 |    35 ||   142
       Kick              |       |       |       |       |   141 ||   141
Throw: Large rock        |       |       |       |       |     4 ||     4
Invok: Berserk           |     1 |     1 |     5 |    12 |    10 ||    29
       Trog's Hand       |       |     1 |     2 |    14 |    22 ||    39
       Burn Spellbooks   |       |       |       |       |     1 ||     1
       Brothers in Arms  |       |       |       |       |     1 ||     1
       Curse Item        |       |       |       |       |     1 ||     1
 Abil: Evoke Blink       |       |       |       |       |     1 ||     1
Evoke: Wand              |       |       |       |     4 |     7 ||    11
  Use: Scroll            |       |       |     3 |     9 |    12 ||    24
       Potion            |       |       |     2 |       |     7 ||     9
 Stab: Sleeping          |     1 |       |       |       |     5 ||     6
       Distracted        |       |       |       |       |     1 ||     1
  Eat: Chunk             |       |     7 |    32 |    41 |    70 ||   150
       Bread ration      |       |     1 |       |       |       ||     1
Armor: Animal skin       |    14 |     8 |       |       |       ||    22
       Robe              |       |     1 |    46 |    23 |       ||    70
       Troll hide        |       |       |       |    10 |       ||    10
       Troll leather arm |       |       |       |     8 |   167 ||   175
Dodge: Dodged            |    17 |    23 |   105 |   149 |   241 ||   535
